 Dungeon Crawl Stone Soup version 0.23.1-37-gaa34b87b72 (webtiles) character file.

Game seed: 15185981867015160300

61 Kholdaimon the Vexing (level 4, -4/34 HPs)
             Began as a Gnoll Arcane Marksman on Mar 27, 2019.
             Killed from afar by Sigmund (5 damage)
             ... with a magic dart
             ... on level 2 of the Dungeon.
             The game lasted 00:07:56 (1261 turns).

Kholdaimon the Vexing (Gnoll Arcane Marksman)       Turns: 1261, Time: 00:07:56

Health: -4/34      AC:  2    Str: 13    XL:     4   Next: 7%
Magic:  8/8        EV: 15    Int: 15    God:
Gold:   72         SH:  0    Dex: 16    Spells: 7/8 levels left

rFire    . . .     SeeInvis .   a - +0 hunting sling
rCold    . . .     Gourm    .   (no shield)
rNeg     . . .     Faith    .   e - +0 robe
rPois    .         Spirit   .   (no helmet)
rElec    .         Reflect  .   (no cloak)
rCorr    .         Harm     .   (no gloves)
MR       .....                  (no boots)
Stlth    ++........             (no amulet)
HPRegen  0.11/turn              (no ring)
MPRegen  0.11/turn              (no ring)

@: no status effects
A: distributed training, fangs 1, strong nose
a: no special abilities


You were on level 2 of the Dungeon.
You were hungry.

You visited 1 branch of the dungeon, and saw 2 of its levels.

You collected 72 gold pieces.

Inventory:

Hand Weapons
 a - a +0 hunting sling (weapon)
 k - a +2 hunting sling of flaming
 l - a +0 short sword
Missiles
 h - 79 stones (quivered)
Armour
 e - a +0 robe (worn)
 n - a +0 leather armour
Jewellery
 o - an uncursed ring of positive energy {unknown}
Scrolls
 b - a scroll of enchant weapon {unknown}
 c - 2 scrolls of remove curse {unknown}
 j - 3 scrolls of identify {unknown}
Potions
 g - a potion of might {unknown}
 i - a potion of curing {unknown}
 m - 2 potions of heal wounds {unknown}
Comestibles
 f - 2 rations


   Skills:
 + Level 2.7 Fighting
 + Level 1.0 Short Blades
 + Level 1.0 Long Blades
 + Level 1.0 Axes
 + Level 1.0 Maces & Flails
 + Level 1.0 Polearms
 + Level 1.0 Staves
 + Level 4.6 Slings
 + Level 1.0 Bows
 + Level 1.0 Crossbows
 + Level 1.0 Throwing
 + Level 1.0 Armour
 + Level 4.6 Dodging
 + Level 1.0 Stealth
 + Level 1.0 Shields
 + Level 1.0 Unarmed Combat
 + Level 2.9 Spellcasting
 + Level 0.7 Conjurations
 + Level 5.4 Hexes
 + Level 0.7 Charms
 + Level 0.7 Summonings
 + Level 0.7 Necromancy
 + Level 0.7 Translocations
 + Level 0.7 Transmutations
 + Level 0.7 Fire Magic
 + Level 0.7 Ice Magic
 + Level 0.7 Air Magic
 + Level 0.7 Earth Magic
 + Level 0.7 Poison Magic
 + Level 1.1 Invocations
 + Level 1.0 Evocations


You had 7 spell levels left.
You knew the following spells:

 Your Spells              Type           Power        Failure   Level  Hunger
a - Corona                Hex            ###....      2%          1    #......

Your spell library contained the following spells:

 Spells                   Type           Power        Failure   Level  Hunger
 Slow                     Hex            ###.....     3%          2    ##.....
 Inner Flame              Hex/Fire       ##......     17%         3    ###....
 Portal Projectile        Hex/Tloc       ##....       17%         3    ###....
 Cause Fear               Hex            ###.......   22%         4    #####..
 Leda's Liquefaction      Hex/Erth       ##........   50%         4    #####..


Dungeon Overview and Level Annotations

Branches:
Dungeon (2/15)

Altars:
Ashenzari
Trog
Zin

Annotations:
D:2 Sigmund


Innate Abilities, Weirdness & Mutations

Your experience applies equally to all skills.
You have very sharp teeth.
Your uncanny sense of smell can sniff out nearby items.


Message History

Press: ? - help, Shift-Dir - straight line You shoot a stone.
Something barely misses you.
Firing (i - inventory)
h - 82 stones (quivered)
Press: ? - help, Shift-Dir - straight line You shoot a stone.
Something hits you. Something hits you.
You feel less confused. Something hits you.
Firing (i - inventory)
h - 81 stones (quivered)
Press: ? - help, Shift-Dir - straight line You shoot a stone.
Something hits you.
Firing (i - inventory)
h - 80 stones (quivered)
Press: ? - help, Shift-Dir - straight line You shoot a stone.
Something hits you!
* * * LOW HITPOINT WARNING * * *
Something hits you!
* * * LOW HITPOINT WARNING * * *
A magic dart appears from out of thin air!
The magic dart hits you.
You die...

####### #.....#
#.....# #@.(..#
#.....# #.....#
#####.### ###
#.......#...# #
#.###.#......
#.###.###........
........(.(....(
##.##..##.#..#(((#


There were no monsters in sight!

Vanquished Creatures
  An adder (D:2)
  2 dart slugs
  3 leopard geckos
  6 bats
  2 giant cockroaches (D:1)
  6 hobgoblins
  3 jackals (D:2)
  A quokka (D:2)
  3 frilled lizards
  5 goblins
  5 kobolds (D:1)
  3 rats
40 creatures vanquished.

Notes
Turn   | Place    | Note
-------+----------+-------------------------------------------
     0 | D:1      | Kholdaimon the Gnoll Arcane Marksman began the quest for
                  | the Orb.
     0 | D:1      | Reached XP level 1. HP: 17/17 MP: 4/4
    79 | D:1      | Reached XP level 2. HP: 23/23 MP: 5/5
   226 | D:1      | Reached XP level 3. HP: 28/28 MP: 7/7
   713 | D:2      | Reached skill level 1 in Invocations
   815 | D:2      | Reached skill level 1 in Short Blades
   815 | D:2      | Reached skill level 1 in Long Blades
   815 | D:2      | Reached skill level 1 in Axes
   815 | D:2      | Reached skill level 1 in Maces & Flails
   815 | D:2      | Reached skill level 1 in Polearms
   815 | D:2      | Reached skill level 1 in Staves
   815 | D:2      | Reached skill level 1 in Bows
   815 | D:2      | Reached skill level 1 in Crossbows
   815 | D:2      | Reached skill level 1 in Throwing
   815 | D:2      | Reached skill level 1 in Armour
   815 | D:2      | Reached skill level 1 in Stealth
   815 | D:2      | Reached skill level 1 in Shields
   815 | D:2      | Reached skill level 1 in Unarmed Combat
   815 | D:2      | Reached skill level 1 in Evocations
  1126 | D:2      | Found a glowing silver altar of Zin.
  1129 | D:2      | Found a bloodstained altar of Trog.
  1134 | D:2      | Reached XP level 4. HP: 32/34 MP: 8/8
  1145 | D:2      | Found a shattered altar of Ashenzari.
  1227 | D:2      | Noticed Sigmund
  1260 | D:2      | HP: 1/34 [something (8)]
  1261 | D:2      | Killed from afar by Sigmund

Skill      XL: |  1  2  3 |
---------------+----------+-----
Invocations    | 1 |  1.1
Short Blades   | 1 |  1.0
Long Blades    | 1 |  1.0
Axes           | 1 |  1.0
Maces & Flails | 1 |  1.0
Polearms       | 1 |  1.0
Staves         | 1 |  1.0
Bows           | 1 |  1.0
Crossbows      | 1 |  1.0
Throwing       | 1 |  1.0
Armour         | 1 |  1.0
Stealth        | 1 |  1.0
Shields        | 1 |  1.0
Unarmed Combat | 1 |  1.0
Evocations     | 1 |  1.0
Fighting       | |  2.7
Slings         | |  4.6
Dodging        | |  4.6
Spellcasting   | |  2.9
Conjurations   | |  0.7
Hexes          | |  5.4
Charms         | |  0.7
Summonings     | |  0.7
Necromancy     | |  0.7
Translocations | |  0.7
Transmutations | |  0.7
Fire Magic     | |  0.7
Ice Magic      | |  0.7
Air Magic      | |  0.7
Earth Magic    | |  0.7
Poison Magic   | |  0.7

Action                   |  1- 3 |  4- 6 || total
-------------------------+-------+-------++-------
Melee: Short sword       |    37 |     8 ||    45
       Bite              |     5 |     1 ||     6
 Fire: Hunting sling     |   101 |    23 ||   124
 Stab: Sleeping          |     1 |       ||     1
Armor: Robe              |    10 |     2 ||    12
Dodge: Dodged            |    43 |     9 ||    52
